 Dungeon Sprint DCSS version 0.27.1-33-g824d729ab1 (webtiles) character file.

Game seed: 17405240768531112782

110 Hipnos the Protected (level 4, -3/43 HPs)
             Began as a Gnoll Wanderer on Nov 29, 2021.
             Slain by Sigmund (13 damage)
             ... in the Dungeon (Sprint I: "Red Sonja").
             The game lasted 00:01:27 (343 turns).

Hipnos the Protected (Gnoll Wanderer)                Turns: 343, Time: 00:01:27

Health: -3/43      AC:  2    Str: 16    XL:     4   Next: 91%
Magic:  8/8        EV: 12    Int:  9    God:
Gold:   54         SH:  0    Dex: 10    Spells: 9/9 levels left

rFire    . . .     SeeInvis .   c - +0 hand crossbow
rCold    . . .     Faith    .   (no shield)
rNeg     . . .     Spirit   .   g - +0 robe
rPois    .         Reflect  .   (no helmet)
rElec    .         Harm     .   (no cloak)
rCorr    .         Rampage  .   (no gloves)
Will     .....     NoTele   +   (no boots)
Stlth    ++........             (no amulet)
HPRegen  0.14/turn              (no ring)
MPRegen  0.11/turn              (no ring)

@: no status effects
A: fangs 1, strong nose, distributed training
a: no special abilities


You were in the Dungeon.
You visited 1 branch You collected 54 gold pieces.

Inventory:

Hand Weapons
 a - a +2 dagger
 c - a +0 hand crossbow (weapon)
 e - a +0 shortbow
Missiles
 b - 3 curare-tipped darts
 d - 22 bolts (quivered ammo)
 f - 20 arrows
Armour
 g - a +0 robe (worn)
Scrolls
 m - a scroll of blinking
Potions
 h - a potion of curing
 j - a potion of haste
 k - 2 potions of magic
 l - a potion of berserk rage


   Skills:
 + Level 7.2 Fighting
 + Level 3.0 Short Blades
 + Level 3.0 Long Blades
 + Level 3.0 Axes
 + Level 3.0 Maces & Flails
 + Level 3.0 Polearms
 + Level 3.0 Staves
 + Level 3.0 Slings
 + Level 4.0 Bows
 + Level 3.0 Crossbows
 + Level 4.0 Throwing
 + Level 9.1 Armour
 + Level 3.0 Dodging
 + Level 3.0 Stealth
 + Level 3.0 Shields
 + Level 3.0 Unarmed Combat
 + Level 3.0 Spellcasting
 + Level 2.4 Conjurations
 + Level 2.4 Hexes
 + Level 2.4 Summonings
 + Level 2.4 Necromancy
 + Level 2.4 Translocations
 + Level 2.4 Transmutations
 + Level 2.4 Fire Magic
 + Level 2.4 Ice Magic
 + Level 2.4 Air Magic
 + Level 2.4 Earth Magic
 + Level 2.4 Poison Magic
 + Level 3.3 Invocations
 + Level 4.0 Evocations


You had 9 spell levels left.
You didn't know any spells.
Your spell library was empty.

Dungeon Overview and Level Annotations

Branches:
Dungeon (1/1)

Altars:

Annotations:
D Sigmund


Innate Abilities, Weirdness & Mutations

You have very sharp teeth.
Your uncanny sense of smell can sniff out nearby items.
Your experience applies equally to all skills.


Message History

There is an open door, spattered with blood here.
Things that are here:
a +0 dagger; a +0 chain mail You see here a +0 giant spiked club.
There is an open door here.
You open the door.
Sigmund the Dreaded comes into view.
He is wielding a +0 scythe.
Sigmund shouts!
Fire: 28 bolts
Press: ? - help, Q - select action, (/) - cycle Shift-Dir - straight line, f - Sigmund
Aim: Sigmund, wielding a +0 scythe and wearing a +0 robe (61% to hit)
You shoot a bolt. The bolt closely misses Sigmund.
Sigmund casts a spell.
Sigmund flickers and vanishes!
Deactivating autopickup; reactivate with Ctrl-A.
Fire: 27 bolts
Press: ? - help, Q - select action, (/) - cycle Shift-Dir - straight line You shoot a bolt.
A magic dart appears from out of thin air!
The magic dart hits you!
Fire: 26 bolts
Press: ? - help, Q - select action, (/) - cycle Shift-Dir - straight line You shoot a bolt.
Something hits you!
Fire: 25 bolts
Press: ? - help, Q - select action, (/) - cycle Shift-Dir - straight line You shoot a bolt.
Something hits you!
Fire: 24 bolts
Press: ? - help, Q - select action, (/) - cycle Shift-Dir - straight line You shoot a bolt.
Something hits you.
* * * LOW HITPOINT WARNING * * *
Which direction?
You close the door.
Something unseen opens the door.
Fire: 23 bolts
Press: ? - help, Q - select action, (/) - cycle Shift-Dir - straight line You shoot a bolt.
Something hits you!
You die...

########## ##
#<.#.)'..#..+∆∆
#..)..#.@'{(#∆∆
#..#####'####
#..# #..#∆∆∆ ∆
#..# ####∆∆ ∆
#..# #⌠⌠# ####
∆∆ ∆


There were no monsters in sight!

Vanquished Creatures
  An ogre (D)
  Ijyb (D)
2 creatures vanquished.

Notes
Turn   | Place    | Note
-------+----------+-------------------------------------------
     0 | D        | Hipnos the Gnoll Wanderer began the quest for the Orb.
     0 | D        | Hipnos set off with the following items: a +2 dagger, 3
                  | curare-tipped darts, a +0 hand crossbow, 30 bolts, a +0
                  | shortbow, 20 arrows, a +0 robe, a potion of curing, a
                  | potion of heal wounds, a potion of haste, 2 potions of
                  | magic, a potion of berserk rage, a scroll of blinking
     0 | D        | Reached XP level 1. HP: 23/23 MP: 1/1
     3 | D        | Noticed Ijyb
     7 | D        | Killed Ijyb
     8 | D        | Reached skill level 1 in Short Blades
     8 | D        | Reached skill level 1 in Long Blades
     8 | D        | Reached skill level 1 in Axes
     8 | D        | Reached skill level 1 in Maces & Flails
     8 | D        | Reached skill level 1 in Polearms
     8 | D        | Reached skill level 1 in Staves
     8 | D        | Reached skill level 1 in Slings
     8 | D        | Reached skill level 1 in Crossbows
     8 | D        | Reached skill level 1 in Dodging
     8 | D        | Reached skill level 1 in Stealth
     8 | D        | Reached skill level 1 in Shields
     8 | D        | Reached skill level 1 in Unarmed Combat
     8 | D        | Reached skill level 1 in Spellcasting
     8 | D        | Reached skill level 1 in Conjurations
     8 | D        | Reached skill level 1 in Hexes
     8 | D        | Reached skill level 1 in Summonings
     8 | D        | Reached skill level 1 in Necromancy
     8 | D        | Reached skill level 1 in Translocations
     8 | D        | Reached skill level 1 in Transmutations
     8 | D        | Reached skill level 1 in Fire Magic
     8 | D        | Reached skill level 1 in Ice Magic
     8 | D        | Reached skill level 1 in Air Magic
     8 | D        | Reached skill level 1 in Earth Magic
     8 | D        | Reached skill level 1 in Poison Magic
     8 | D        | Reached XP level 2. HP: 9/29 MP: 1/4
     8 | D        | Reached XP level 3. HP: 11/35 MP: 1/5
   223 | D        | Noticed an ogre
   231 | D        | Killed an ogre
   232 | D        | Reached skill level 9 in Armour
   232 | D        | Reached XP level 4. HP: 33/43 MP: 5/8
   336 | D        | Noticed Sigmund
   343 | D        | Slain by Sigmund

Illustrated notes

Levels and vault maps discovered:
D:        dungeon_sprint_1 [red_sonja_temple_1, red_sonja_temple_small_1]

Skill      XL: |  1  2  3 |
---------------+----------+-----
Short Blades   | 1 3 |  3.0
Long Blades    | 1 3 |  3.0
Axes           | 1 3 |  3.0
Maces & Flails | 1 3 |  3.0
Polearms       | 1 3 |  3.0
Staves         | 1 3 |  3.0
Slings         | 1 3 |  3.0
Bows           | 3 4 |  4.0
Crossbows      | 1 3 |  3.0
Throwing       | 3 4 |  4.0
Dodging        | 1 3 |  3.0
Stealth        | 1 3 |  3.0
Shields        | 1 3 |  3.0
Unarmed Combat | 1 3 |  3.0
Spellcasting   | 1 3 |  3.0
Conjurations   | 1 2 |  2.4
Hexes          | 1 2 |  2.4
Summonings     | 1 2 |  2.4
Necromancy     | 1 2 |  2.4
Translocations | 1 2 |  2.4
Transmutations | 1 2 |  2.4
Fire Magic     | 1 2 |  2.4
Ice Magic      | 1 2 |  2.4
Air Magic      | 1 2 |  2.4
Earth Magic    | 1 2 |  2.4
Poison Magic   | 1 2 |  2.4
Invocations    | 2 3 |  3.3
Evocations     | 3 4 |  4.0
Fighting       | 7 |  7.2
Armour         | 9 |  9.1

Action                   |  1- 3 |  4- 6 || total
-------------------------+-------+-------++-------
 Fire: Hand crossbow     |    10 |     6 ||    16
  Use: Potion            |     1 |       ||     1
Dodge: Dodged            |     4 |       ||     4
